 Dungeon Crawl Stone Soup version 0.30-a0-778-g2ef04afb54 (webtiles) character file.

Game seed: 16694734885559139379

5 theswoord the Chiller (level 1, -1/15 HPs)
             Began as a Naga Ice Elementalist on Feb 15, 2023.
             Slain by a gnoll
             ... wielding a +0 flail
              (11 damage)
             ... on level 2 of the Dungeon.
             The game lasted 00:00:34 (860 turns).

theswoord the Chiller (Naga Ice Elementalist)        Turns: 860, Time: 00:00:34

Health: -1/15      AC:  1    Str: 10    XL:     1   Next: 80%
Magic:  3/3        EV:  9    Int: 15    God:
Gold:   6          SH:  0    Dex: 11    Spells: 3/4 levels left

rFire   . . .      SeeInvis +    c - +0 mace
rCold   . . .      Faith    .    (no shield)
rNeg    . . .      Spirit   .    a - +0 robe
rPois   +          Reflect  .    (no helmet)
rElec   .          Harm     .    (no cloak)
rCorr   .          Rampage  .    (no gloves)
Will    .....                    (no barding)
Stlth   ++                       (no amulet)
HPRegen 0.22/turn                (no ring)
MPRegen 0.08/turn                (no ring)

@: very slow
A: AC +0, large, see invisible, deformed body, poison resistance, slowness 2,
spit poison 1, naga tail 1
a: Spit Poison


You were on level 2 of the Dungeon.
You visited 1 branch of the dungeon, and saw 2 of its levels.

You collected 6 gold pieces.

Inventory:

Hand Weapons
 c - a +0 mace (weapon)
Armour
 a - a +0 robe (worn)
 e - a +0 cloak
Scrolls
 d - a scroll of teleportation {unknown}
 h - a scroll of poison {unknown}
Potions
 b - a potion of magic
 f - a potion of attraction {unknown}
 g - a potion of curing {unknown}


   Skills:
 - Level 1.5 Dodging
 - Level 3.0 Stealth
 + Level 2.2 Spellcasting
 + Level 4.1 Ice Magic


You had 3 spell levels left.
You knew the following spells:

 Your Spells              Type           Power      Damage    Failure   Level
a - Freeze                Ice            56%        1d7       4%          1

Your spell library contained the following spells:

 Spells                   Type           Power      Damage    Failure   Level
 Frozen Ramparts          Ice            28%        1d5       12%         3
 Ozocubu's Armour         Ice            14%        N/A       12%         3
 Summon Ice Beast         Ice/Summ       7%         N/A       67%         4


Dungeon Overview and Level Annotations

Branches:
Dungeon (2/15)

Altars:


Innate Abilities, Weirdness & Mutations

Your serpentine skin is tough. (AC +0)
You have supernaturally acute eyesight. (SInv)
Armour fits poorly on your strangely shaped body.
Your system is resistant to poisons. (rPois)
You cover ground very slowly.
You can spit poison.
You have a snake-like lower body.


Message History

Aim: a goblin, wielding a +0 club You freeze the goblin.
The goblin hits you with a +0 club.
A goblin is nearby!
A goblin is nearby!
Aim: a goblin, wielding a +0 club (heavily wounded)
You freeze the goblin.
You kill the goblin!
You can't see any susceptible monsters within range! (Use Z to cast anyway.)
h - a scroll labelled BEAFUOSYLO
Found a ring mail.
You see here a +0 ring mail.
Found two human skeletons.
You see here a human skeleton.
You see here a human skeleton.
There is a stone staircase leading down here.
Things that are here:
a +0 club; a goblin corpse
Things that are here:
a +0 club; a goblin skeleton Key pressed, stopping explore.
Done exploring.
Done exploring.
Done exploring.
Done exploring.
(D) Dungeon
Where to? (Enter - D:1 @ (x,y), ? - help)
There is a staircase leading out of the dungeon here.
There is a stone staircase leading down here.
You climb downwards.
Found 11 gold pieces.
There is a stone staircase leading up here.
There are monsters nearby!
Okay, then.
The helpless gnoll fails to defend itself.
You sock the gnoll! The gnoll hits you with a +0 spear.
The gnoll shouts!
You hear a bark!
The gnoll hits you with a +0 flail!
Ouch! That really hurt!
You die...

##### ##.$.
#g..# #...#
#.##g..#####.
#....@g......
#.g########..
#


You could see 4 gnolls.

Vanquished Creatures
  A goblin (D:1)
  2 hobgoblins (D:1)
  A frilled lizard (D:1)
  A rat (D:1)
5 creatures vanquished.

Notes
Turn   | Place    | Note
-------+----------+-------------------------------------------
     0 | D:1      | theswoord the Naga Ice Elementalist began the quest for the
                  | Orb.
     0 | D:1      | Reached XP level 1. HP: 15/15 MP: 3/3
   212 | D:1      | Found a faded altar of an unknown god.
   860 | D:2      | Slain by a gnoll

Action                     || total
---------------------------++-------
  Melee: Mace              ||     8
   Cast: Freeze            ||     5
   Stab: Sleeping          ||     2
  Dodge: Dodged            ||     4

Levels and vault maps discovered:
D:1:      giann_forest_graveyard, layout_loops_ring,
          shapermc_ecumenical_altar_acropolis
D:2:      layout_basic, uniq_jessica
